 Dungeon Crawl Stone Soup version 0.30.1-4-g462c640d31 (webtiles) character file.

Game seed: 2627006335445219040

96 arthad the Chopper (level 4, 0/41 HPs)
             Began as a Minotaur Berserker on Aug 20, 2023.
             Was a Believer of Trog.
             Slain by an orc priest
             ... wielding a +0 short sword
              (6 damage)
             ... on level 2 of the Dungeon.
             The game lasted 00:01:17 (1352 turns).

arthad the Chopper (Minotaur Berserker)             Turns: 1352, Time: 00:01:18

Health: 0/41       AC:  2    Str: 24    XL:     4   Next: 41%
Magic:  3/3        EV: 12    Int:  4    God:    Trog [**....]
Gold:   104        SH:  0    Dex:  9    Spells: 3/3 levels left

rFire   . . .        a - +0 hand axe
rCold   . . .        (no shield)
rNeg    . . .        b - +0 animal skin
rPois   .            (helmet restricted)
rElec   .            (no cloak)
rCorr   .            (no gloves)
SInv    .            (no boots)
Will    .....        k - amulet of magic regeneration
Stlth   +            (no ring)
HPRegen 0.26/turn    (no ring)
MPRegen 0.48/turn

%: no passive effects
@: no status effects
A: horns 2, retaliatory headbutt
a: Renounce Religion, Berserk, Trog's Hand


You were on level 2 of the Dungeon.
You worshipped Trog.
Trog was pleased with you.
You visited 1 branch of the dungeon, and saw 2 of its levels.

You collected 104 gold pieces.

Inventory:

Hand Weapons
 a - a +0 hand axe (weapon)
Armour
 b - a +0 animal skin (worn)
Jewellery
 k - an amulet of magic regeneration (around neck)
Scrolls
 c - a scroll of amnesia {unknown}
 d - 2 scrolls of magic mapping {unknown}
 f - 2 scrolls of identify {unknown}
 l - a scroll of fog {unknown}
 m - 2 scrolls of teleportation {unknown}
Potions
 e - a potion of curing {unknown}
 g - a potion of might {unknown}
 h - a potion of attraction {unknown}
 i - a potion of haste {unknown}
 j - a potion of mutation {unknown}


   Skills:
 * Level 4.7 Fighting
 * Level 4.7 Axes
 + Level 3.2 Armour
 + Level 2.8 Dodging


You had 3 spell levels left.
You didn't know any spells.
Your spell library was empty.

Dungeon Overview and Level Annotations

Branches:
Dungeon (2/15)

Altars:

Annotations:
D:1 1 transporter


Innate Abilities, Weirdness & Mutations

You have a pair of horns on your head.
You reflexively headbutt those who attack you in melee.


Message History

You are too injured to fight recklessly!
You are too injured to fight recklessly!
You are too injured to fight recklessly!
You are too injured to fight recklessly!
You are too injured to fight recklessly!
You are too injured to fight recklessly!
You are too injured to fight recklessly!
You are too injured to fight recklessly!
You are too injured to fight recklessly!
You closely miss the orc priest. You headbutt the orc priest!
The orc priest is severely wounded.
You hit the orc priest but do no damage.
The orc priest barely misses you.
The orc priest hits you with a +0 hand axe.
You hit the orc priest but do no damage.
Your headbutt misses the orc priest.
The orc priest is moderately wounded.
You hit the orc priest but do no damage.
The orc priest calls upon Beogh to heal the orc priest.
The orc priest is healed somewhat.
The orc priest hits you with a +0 hand axe.
* * * LOW HITPOINT WARNING * * *
You hit the orc priest but do no damage.
Your headbutt misses the orc priest.
The orc priest is moderately wounded.
You slash the orc priest!
The orc priest hits you with a +0 short sword.
* * * LOW HITPOINT WARNING * * *
The orc priest barely misses you.
You hit the orc priest.
The orc priest is heavily wounded.
You hit the orc priest. The orc priest closely misses you.
The orc priest hits you with a +0 hand axe.
* * * LOW HITPOINT WARNING * * *
You hit the orc priest.
You kill the orc priest!
Trog accepts your kill.
You hit the orc priest but do no damage.
The orc priest hits you with a +0 short sword.
You die...

#.##...............###
#.##..<...............
#.###......########...
#.##.†...#.# ####...
#.##.##.##.# #......
#....##.##. #......
#######†### #.....)
####....### #......
#....@....# #......
#...)o....# #......
#............ ######.
##!#####...... #. #.
...... #. # ###### #.
#. #. #.


You could see an orc priest.

Vanquished Creatures
  An orc priest (D:2)
  An orc wizard (D:2)
  3 adders (D:2)
  A dart slug (D:2)
  An orc (D:2)
  3 endoplasms
  A giant cockroach (D:1)
  7 goblins
  A hobgoblin (D:2)
  6 jackals
  3 quokkas
  4 ball pythons
  3 bats
  3 frilled lizards (D:1)
  2 rats (D:2)
40 creatures vanquished.

Notes
Turn   | Place    | Note
-------+----------+-------------------------------------------
     0 | D:1      | arthad the Minotaur Berserker began the quest for the Orb.
     0 | D:1      | Reached XP level 1. HP: 19/19 MP: 0/0
    69 | D:1      | Reached XP level 2. HP: 16/27 MP: 1/1
   844 | D:2      | Reached XP level 3. HP: 25/33 MP: 2/2
  1035 | D:2      | Reached ** piety under Trog
  1329 | D:2      | Reached XP level 4. HP: 37/41 MP: 3/3
  1352 | D:2      | Slain by an orc priest

Illustrated notes

Levels and vault maps discovered:
D:1:      spicycebolla_arrival_risky_transporter, layout_loops_cross,
          chequers_serial_rivers_small_3, corexii_leaking_fountain
D:2:      layout_basic

Skill      XL: |  1  2  3 |
---------------+----------+-----
Axes           | 4 |  4.7
Fighting       | 4 |  4.7
Armour         | 3 |  3.2
Dodging        | |  2.8

Action                     |  1- 3 |  4- 6 || total
---------------------------+-------+-------++-------
  Melee: Hand axe          |    77 |    15 ||    92
         Headbutt          |    12 |     3 ||    15
 Armour: Animal skin       |    13 |     1 ||    14
  Dodge: Dodged            |    57 |     8 ||    65
